 Dungeon Crawl Stone Soup version 0.20.1-1-g8b1a95d (webtiles) character file.

27 Monsterracer the Magician (level 2, 0/20 HPs)
             Began as a Draconian Wizard on Aug 23, 2017.
             Slain by an ooze (5 damage)
             ... on level 1 of the Dungeon.
             The game lasted 00:02:35 (1189 turns).

Monsterracer the Magician (Draconian Wizard)        Turns: 1189, Time: 00:02:35

Health: 0/20       AC:  4    Str:  9    XL:     2   Next: 93%
Magic:  0/6        EV: 12    Int: 18    God:
Gold:   82         SH:  0    Dex:  9    Spells: 6/7 levels left

rFire    . . .     SeeInvis .   k - +0 short sword
rCold    . . .     Gourm    .   (no shield)
rNeg     . . .     Faith    .   (armour unavailable)
rPois    .         Spirit   .   a - +0 hat
rElec    .         Reflect  .   (no cloak)
rCorr    .         Harm     .   (no gloves)
MR       .....                  (no boots)
Stlth    ++........             (no amulet)
Regen    0.1/turn               (no ring)
MPRegen  0.1/turn               (no ring)

@: no status effects
A: unfitting armour, cold-blooded, AC +4
a: no special abilities


You were on level 1 of the Dungeon.
You were not hungry.

You visited 1 branch of the dungeon, and saw 1 of its levels.

You collected 82 gold pieces.

Inventory:

Hand Weapons
 k - a +0 short sword (weapon)
Armour
 a - a +0 hat (worn)
Scrolls
 d - a scroll of identify {unknown}
 g - a scroll of fog {unknown}
 h - 3 scrolls of remove curse {unknown}
 j - a scroll of teleportation {unknown}
Potions
 f - a potion of curing {unknown}
Books
 b - a book of Minor Magic

   Spells                             Type                      Level
   a - Magic Dart                     Conjuration                  1
   b - Blink                          Translocation                2
   c - Call Imp                       Summoning                    2
   d - Slow                           Hexes                        2
   e - Conjure Flame                  Conjuration/Fire             3
   f - Mephitic Cloud                 Conjuration/Poison/Air       3
Comestibles
 c - a bread ration
 i - a meat ration


   Skills:
 - Level 1.7 Dodging
 - Level 1.7 Stealth
 - Level 3.0 Spellcasting
 + Level 2.9 Conjurations
   Level 1.0 Summonings
   Level 1.0 Translocations


You had 6 spell levels left.
You knew the following spells:

 Your Spells              Type           Power        Failure   Level  Hunger
a - Magic Dart            Conj           ##..         4%          1    None


Dungeon Overview and Level Annotations

Branches:
Dungeon (1/15)

Altars:


Innate Abilities, Weirdness & Mutations

Your plain brown scales are hard. (AC +4)
You cannot fit into any form of body armour.
You are cold-blooded and may be slowed by cold attacks.


Message History

Aim: an ooze (heavily wounded)
The magic dart hits the ooze.
The ooze is severely wounded.
* * * LOW MAGIC WARNING * * *
The frilled lizard hisses angrily.
The ooze hits you but does no damage.
Casting: Magic Dart
Confirm with . or Enter, or press ? or * to list all spells.
You don't have enough magic to cast that spell.
Unknown command.
Casting: Magic Dart
Confirm with . or Enter, or press ? or * to list all spells.
Aiming: Magic Dart
Press: ? - help, Shift-Dir - straight line, f/p - ooze
Aim: an ooze (severely wounded)
The magic dart hits the ooze.
The ooze is almost dead.
* * * LOW MAGIC WARNING * * *
The ooze hits you.
You die...

#..........######### #......
##.#####....##......# ###....
............##......#####..##
#..#####....##........#.....#
..........†##.......#.###..#
..#####....##.......#...#...
..........##.....###)..#.#.
##.##l...J##.....).........
#.......(@......#...###...
####..(..##.....#...#.....
########.....###.#.####
#...............#..# #
#..............##.## #
#........>........# #
#..............#### #
#....).........# #
#..............# ###


You could see an ooze and a frilled lizard.

Vanquished Creatures
  2 ball pythons (D:1)
  2 giant cockroaches (D:1)
  3 hobgoblins (D:1)
  3 jackals (D:1)
  6 kobolds (D:1)
  2 bats (D:1)
  2 frilled lizards (D:1)
  A goblin (D:1)
  3 rats (D:1)
24 creatures vanquished.

Notes
Turn   | Place    | Note
-------+----------+-------------------------------------------
     0 | D:1      | Monsterracer the Draconian Wizard began the quest for the Orb.
     0 | D:1      | Reached XP level 1. HP: 14/14 MP: 4/4
   514 | D:1      | Reached XP level 2. HP: 20/20 MP: 6/6
   913 | D:1      | HP: 9/20 [jackal (2)]
  1181 | D:1      | HP: 7/20 [ooze (4)]
  1189 | D:1      | Slain by an ooze

Skill      XL: |  1 |
---------------+----+-----
Conjurations   | 2 |  2.9
Dodging        | |  1.7
Stealth        | |  1.7
Spellcasting   | |  3.0
Summonings     | |  1.0
Translocations | |  1.0

Action                   || total
-------------------------++-------
Melee: Unarmed           ||    25
       Dagger            ||    35
       Tailslap          ||     5
       Short sword       ||     4
 Cast: Magic Dart        ||    46
 Stab: Sleeping          ||     1
  Eat: Chunk             ||     1
Armor: Skin              ||    35
Dodge: Dodged            ||    67
